Oilers vs Jets

Created - 2 octobre 2019 at 19:24

Simulating a Pre-Season

Goals
1 2 3 OT1 SO T
Oilers 0 0 2 0 1 2
Jets 0 0 2 0 2 3
Shots
1 2 3 OT1 SO T
Oilers 5 18 9 2 4 34
Jets 9 8 9 3 4 29

1st period

No Goal

Penalties :
Chris Bigras (WIN) for Holding (Minor) at 6:48, Justin Abdelkader (EDM) for Hooking (Minor) at 14:50

2nd period

No Goal

Penalties :
Wayne Simmonds (WIN) for Slashing (Minor) at 6:13, Jordan Eberle (EDM) for Holding (Minor) at 7:27

3rd period

1. Jets , Josh Manson 2 (Colton Sissons 5, Wayne Simmonds 2) at 2:26
2. Jets , Troy Terry 3 (Matt Luff 1, Josh Manson 4) at 6:08
3. Oilers , Zemgus Girgensons 4 (Nico Hischier 5) at 10:45
4. Oilers , Seth Jones 2 (Nico Hischier 6, Antti Niemi) at 13:02 (PP)

Penalties :
Josh Manson (WIN) for Hooking (Minor) at 3:34, Nate Prosser (WIN) for Slashing (Minor) at 12:52, Victor Olofsson (WIN) for Boarding (Minor) at 15:52

Overtime #1

No Goal

Penalties :
No Penalty

Shootout

Oilers, Connor McDavid - Stopped by MacKenzie Blackwood
Jets, Victor Olofsson - Stopped by Antti Niemi
Oilers, Evgeni Dadonov - Goal!
Jets, Nathan MacKinnon - Stopped by Antti Niemi
Oilers, Nico Hischier - Stopped by MacKenzie Blackwood
Jets, Troy Terry - Goal!
Oilers, Jordan Eberle - Stopped by MacKenzie Blackwood
Jets, Alex Galchenyuk - Goal!

Penalties :
No Penalty

Goalie Stats

Antti Niemi (EDM), 27 saves from 29 shots - (0,931), OTL, 1-1-1, 65:00 minutes
MacKenzie Blackwood (WIN), 32 saves from 34 shots - (0,941), W, 3-6-0, 65:00 minutes

Players Stats for Oilers

Player Name              G  A  P  +/- PIM S  H  SB GA TA FO     MP     PP MP  PK MP  
------------------------------------------------------------------------------------
Aaron Ekblad             0  0  0  -1  0   4  2  3  0  0  0/0    28:31   4:38   1:50 
Cameron Gaunce           0  0  0   1  0   0  0  0  0  0  0/0     9:40   0:00   0:00 
Connor McDavid           0  0  0  -1  0   5  2  2  1  1  16/38  28:49   4:07   1:57 
Conor Sheary             0  0  0   0  0   1  1  0  0  1  0/6    13:00   0:06   0:00 
Erik Condra              0  0  0  -1  0   0  0  0  0  0  0/1     5:51   0:00   0:00 
Evgeni Dadonov           0  0  0   0  0   9  0  1  2  0  0/1    23:39   4:01   1:57 
Garrett Wilson           0  0  0   0  0   0  0  0  0  0  0/0     3:20   0:06   0:25 
Jordan Eberle            0  0  0   0  2   4  1  2  1  0  1/2    22:14   4:00   0:28 
Justin Abdelkader        0  0  0   0  2   3  2  0  2  0  1/1    17:45   3:14   0:00 
Marc-Edouard Vlasic      0  0  0  -1  0   0  0  0  0  1  0/0    20:08   2:43   1:23 
Marco Scandella          0  0  0  -1  0   1  0  1  1  0  0/0    19:41   2:43   1:23 
Mike Reilly              0  0  0   0  0   0  0  0  0  0  0/0     3:56   0:00   0:00 
Nico Hischier            0  2  2   0  0   0  0  0  0  1  10/16  21:03   3:14   1:00 
Oliver Bjorkstrand       0  0  0   0  0   1  0  0  2  0  0/1    13:16   0:00   0:39 
Seth Jones               1  0  1  -1  0   3  0  3  0  1  0/0    29:28   4:38   1:50 
Sonny Milano             0  0  0  -1  0   0  1  0  1  0  1/3     5:51   0:00   0:00 
Tyler Motte              0  0  0   0  0   1  2  0  0  1  0/1    12:59   0:00   0:00 
Vince Dunn               0  0  0   1  0   0  0  0  0  0  0/0     9:40   0:00   0:00 
Zach Trotman             0  0  0   0  0   0  0  0  0  0  0/0     3:56   0:00   0:00 
Zemgus Girgensons        1  0  1   0  0   2  2  0  0  0  0/0    18:12   3:14   0:00 

Players Stats for Jets

Player Name              G  A  P  +/- PIM S  H  SB GA TA FO     MP     PP MP  PK MP  
------------------------------------------------------------------------------------
Alex Galchenyuk          0  0  0   1  0   8  2  0  1  0  0/0    18:51   1:42   1:53 
Chris Bigras             0  0  0  -1  2   0  0  1  0  1  0/0    26:36   1:48   2:31 
Colton Sissons           0  1  1   1  0   1  0  0  0  1  11/18  19:05   1:26   4:06 
Filip Chytil             0  0  0  -1  0   1  0  1  0  0  4/11   10:58   0:05   0:00 
Jimmy Vesey              0  0  0   0  0   4  3  1  2  0  0/2    23:14   1:26   2:19 
Jonathan Ericsson        0  0  0   0  0   0  1  2  1  1  0/0    23:55   0:00   4:03 
Josh Manson              1  1  2   1  2   2  1  0  0  0  0/0    22:12   1:20   2:35 
Mark Pysyk               0  0  0   2  0   0  0  4  0  1  0/0    22:23   0:00   3:52 
Martin Hanzal            0  0  0   1  0   0  2  0  0  0  3/5     7:48   0:00   0:00 
Matt Hunwick             0  0  0   0  0   0  0  0  0  2  0/0    16:07   1:53   1:41 
Matt Luff                0  1  1   1  0   2  0  0  0  0  0/0     8:05   0:00   0:00 
Nate Prosser             0  0  0   0  2   0  4  1  0  0  0/0    14:13   1:25   0:00 
Nathan MacKinnon         0  0  0   0  0   1  3  0  0  1  20/29  21:00   1:42   0:00 
Troy Brouwer             0  0  0  -1  0   2  2  0  1  0  1/1    14:40   1:26   2:18 
Troy Terry               1  0  1   1  0   2  0  0  0  0  1/1     8:24   0:00   0:00 
Victor Olofsson          0  0  0  -1  2   0  1  0  0  1  0/0    10:58   0:05   0:00 
Wayne Simmonds           0  1  1   1  2   5  3  0  0  1  1/1    16:37   1:47   0:00 
Zach Aston-Reese         0  0  0   0  0   1  3  0  1  1  0/2    21:43   0:00   4:06 

3 Stars

1 - Josh Manson (WIN)
2 - MacKenzie Blackwood (WIN)
3 - Troy Terry (WIN)

Power Play

Oilers - 1 on 4 Attempt(s) - 25,00%
Jets - 0 on 3 Attempt(s) - 0,00%

Penalty Kill

Oilers - 3 on 3 Attempt(s) - 100,00% - Score 0 goal in Penalty Kill
Jets - 3 on 4 Attempt(s) - 75,00% - Score 0 goal in Penalty Kill

Team Stat

Oilers - Hits : 13 - Faceoff Wins : 29 - Blocked Shots : 12 - Penalty Minutes : 4
Jets - Hits : 25 - Faceoff Wins : 41 - Blocked Shots : 10 - Penalty Minutes : 10

Official

Referees : Jean Hebert and Dan O'Rourke
Linesman : Darren Gibbs and Ryan Gibbons

Game Notes

17:59 of 2nd period - Penalty Shot by Justin Abdelkader for Oilers - Stopped by MacKenzie Blackwood

Oilers

5 vs 5 Forward 
   Center                   Left Wing                Right Wing               Time % Phy DF OF 
 1 Connor McDavid           Evgeni Dadonov           Jordan Eberle            40     1   2  2  
 2 Nico Hischier            Zemgus Girgensons        Justin Abdelkader        30     1   2  2  
 3 Conor Sheary             Tyler Motte              Oliver Bjorkstrand       20     1   2  2  
 4 Sonny Milano             Erik Condra              Connor McDavid           10     1   2  2  

5 vs 5 Defense 
   Defense                  Defense                                           Time % Phy DF OF 
 1 Seth Jones               Aaron Ekblad                                      40     1   2  2  
 2 Marc-Edouard Vlasic      Marco Scandella                                   30     1   2  2  
 3 Vince Dunn               Cameron Gaunce                                    20     1   2  2  
 4 Mike Reilly              Zach Trotman                                      10     1   2  2  

PowerPlay Forward 
   Center                   Left Wing                Right Wing               Time % Phy DF OF 
 1 Connor McDavid           Evgeni Dadonov           Jordan Eberle            60     1   2  2  
 2 Nico Hischier            Zemgus Girgensons        Justin Abdelkader        40     1   2  2  

PowerPlay Defense
   Defense                  Defense                                           Time % Phy DF OF 
 1 Seth Jones               Aaron Ekblad                                      60     1   2  2  
 2 Marc-Edouard Vlasic      Marco Scandella                                   40     1   2  2  

Penalty Kill 4 Players Forward 
   Center                   Wing                     Time % Phy DF OF 
 1 Connor McDavid           Evgeni Dadonov           60     1   2  2  
 2 Nico Hischier            Jordan Eberle            40     1   2  2  

Penalty Kill 4 Players Defense
   Defense                  Defense                  Time % Phy DF OF 
 1 Seth Jones               Aaron Ekblad             60     1   2  2  
 2 Marc-Edouard Vlasic      Marco Scandella          40     1   2  2  

Penalty Kill - 3 Players Forward 
   Forward                                           Time % Phy DF OF 
 1 Connor McDavid                                    60     1   2  2  
 2 Evgeni Dadonov                                    40     1   2  2  

Penalty Kill - 3 Players Defense
   Defense                  Defense                  Time % Phy DF OF 
 1 Seth Jones               Aaron Ekblad             60     1   2  2  
 2 Marc-Edouard Vlasic      Marco Scandella          40     1   2  2  

4 vs 4 Forward 
   Center                   Wing                     Time % Phy DF OF 
 1 Connor McDavid           Evgeni Dadonov           60     1   2  2  
 2 Nico Hischier            Jordan Eberle            40     1   2  2  

4 vs 4 Defense
   Defense                  Defense                  Time % Phy DF OF 
 1 Seth Jones               Aaron Ekblad             60     1   2  2  
 2 Marc-Edouard Vlasic      Marco Scandella          40     1   2  2  

Last Minutes Offensive
   Center                   Left Wing                Right Wing               Defense                  Defense                  
   Connor McDavid           Evgeni Dadonov           Jordan Eberle            Seth Jones               Aaron Ekblad             

Last Minutes Defensive
   Center                   Left Wing                Right Wing               Defense                  Defense                  
   Connor McDavid           Evgeni Dadonov           Jordan Eberle            Seth Jones               Aaron Ekblad             

Goaltenders
Starting : Antti Niemi              
Backup : Ryan Miller              

Extra Forwards
Normal : Garrett Wilson, Conor Sheary, Oliver Bjorkstrand - PP : Garrett Wilson, Conor Sheary - PK : Oliver Bjorkstrand
Extra Defensemen
Normal : Vince Dunn, Cameron Gaunce, Mike Reilly - PP : Vince Dunn - PK : Cameron Gaunce, Mike Reilly
Penalty Shots
Connor McDavid, Evgeni Dadonov, Nico Hischier, Jordan Eberle, Zemgus Girgensons
Custom OT Lines Forwards
Connor McDavid, Evgeni Dadonov, Nico Hischier, Jordan Eberle, Zemgus Girgensons, Justin Abdelkader, Conor Sheary, Oliver Bjorkstrand, Tyler Motte, Sonny Milano
Custom OT Lines Defensemen
Seth Jones, Aaron Ekblad, Marc-Edouard Vlasic, Marco Scandella, Vince Dunn

Scratches
Ryan Johansen (Healthy), Nathan Gerbe (Healthy), Thomas Greiss (Suspend)

Jets

5 vs 5 Forward 
   Center                   Left Wing                Right Wing               Time % Phy DF OF 
 1 Nathan MacKinnon         Jimmy Vesey              Zach Aston-Reese         40     0   2  3  
 2 Colton Sissons           Alex Galchenyuk          Wayne Simmonds           34     1   2  2  
 3 Filip Chytil             Victor Olofsson          Troy Brouwer             17     1   2  1  
 4 Martin Hanzal            Troy Terry               Matt Luff                9      2   3  0  

5 vs 5 Defense 
   Defense                  Defense                                           Time % Phy DF OF 
 1 Chris Bigras             Jonathan Ericsson                                 35     1   2  2  
 2 Josh Manson              Mark Pysyk                                        33     1   2  2  
 3 Matt Hunwick             Nate Prosser                                      22     1   2  2  
 4 Chris Bigras             Jonathan Ericsson                                 10     1   2  2  

PowerPlay Forward 
   Center                   Left Wing                Right Wing               Time % Phy DF OF 
 1 Nathan MacKinnon         Alex Galchenyuk          Wayne Simmonds           53     0   0  5  
 2 Colton Sissons           Jimmy Vesey              Troy Brouwer             47     0   0  5  

PowerPlay Defense
   Defense                  Defense                                           Time % Phy DF OF 
 1 Chris Bigras             Matt Hunwick                                      60     0   0  5  
 2 Josh Manson              Nate Prosser                                      40     0   1  4  

Penalty Kill 4 Players Forward 
   Center                   Wing                     Time % Phy DF OF 
 1 Colton Sissons           Zach Aston-Reese         60     1   4  0  
 2 Troy Brouwer             Jimmy Vesey              40     1   4  0  

Penalty Kill 4 Players Defense
   Defense                  Defense                  Time % Phy DF OF 
 1 Jonathan Ericsson        Mark Pysyk               60     1   4  0  
 2 Josh Manson              Chris Bigras             40     1   4  0  

Penalty Kill - 3 Players Forward 
   Forward                                           Time % Phy DF OF 
 1 Colton Sissons                                    60     0   5  0  
 2 Zach Aston-Reese                                  40     0   5  0  

Penalty Kill - 3 Players Defense
   Defense                  Defense                  Time % Phy DF OF 
 1 Josh Manson              Nate Prosser             60     0   5  0  
 2 Jonathan Ericsson        Chris Bigras             40     0   5  0  

4 vs 4 Forward 
   Center                   Wing                     Time % Phy DF OF 
 1 Martin Hanzal            Troy Terry               50     1   2  2  
 2 Filip Chytil             Victor Olofsson          50     1   2  2  

4 vs 4 Defense
   Defense                  Defense                  Time % Phy DF OF 
 1 Nate Prosser             Matt Hunwick             60     1   2  2  
 2 Josh Manson              Mark Pysyk               40     1   2  2  

Last Minutes Offensive
   Center                   Left Wing                Right Wing               Defense                  Defense                  
   Nathan MacKinnon         Wayne Simmonds           Victor Olofsson          Chris Bigras             Josh Manson              

Last Minutes Defensive
   Center                   Left Wing                Right Wing               Defense                  Defense                  
   Colton Sissons           Zach Aston-Reese         Troy Brouwer             Josh Manson              Jonathan Ericsson        

Goaltenders
Starting : MacKenzie Blackwood      
Backup : Jonathan Bernier         

Extra Forwards
Normal : Zach Aston-Reese, Troy Terry, Matt Luff - PP : Troy Brouwer, Matt Luff - PK : Troy Brouwer
Extra Defensemen
Normal : Chris Bigras, Josh Manson, Matt Hunwick - PP : Nate Prosser - PK : Chris Bigras, Matt Hunwick
Penalty Shots
Victor Olofsson, Nathan MacKinnon, Troy Terry, Alex Galchenyuk, Matt Luff
Custom OT Lines Forwards
Alex Galchenyuk, Nathan MacKinnon, Jimmy Vesey, Wayne Simmonds, Zach Aston-Reese, Colton Sissons, Matt Luff, Victor Olofsson, Troy Brouwer, Troy Terry
Custom OT Lines Defensemen
Chris Bigras, Mark Pysyk, Josh Manson, Matt Hunwick, Nate Prosser

Scratches
Josh Morrissey (Healthy), Janne Kuokkanen (Healthy), Brett Ritchie (Healthy), Anthony Louis (Healthy), Craig Anderson (Healthy)

% Time on Ice - Oilers

Lines # - Real PCT - Wanted PCT - Time Play
Normal Forward
1 - 34% - 40% - 16:23
2 - 29% - 30% - 14:17
3 - 25% - 20% - 12:10
4 - 12% - 10% - 5:51
Normal Defense
1 - 40% - 40% - 19:30
2 - 32% - 30% - 15:35
3 - 20% - 20% - 9:40
4 - 8% - 10% - 3:56
PP Forward
1 - 56% - 60% - 4:07
2 - 44% - 40% - 3:14
PP Defense
1 - 63% - 60% - 4:38
2 - 37% - 40% - 2:43
PK Forward
1 - 74% - 60% - 2:22
2 - 26% - 40% - 0:51
PK Defense
1 - 57% - 60% - 1:50
2 - 43% - 40% - 1:23
PK3 Forward
1 - 0% - 60%
2 - 0% - 40%
PK3 Defense
1 - 0% - 60%
2 - 0% - 40%
44 Forward
1 - 100% - 60% - 0:45
2 - 0% - 40% - 0:00
44 Defense
1 - 100% - 60% - 0:45
2 - 0% - 40% - 0:00
Last Minute Offensive  - 0:00
Last Minute Defensive  - 0:00
Total
Forward - 60:00
Defense - 60:00

% Time on Ice - Jets

Lines # - Real PCT - Wanted PCT - Time Play
Normal Forward
1 - 36% - 40% - 17:21
2 - 28% - 34% - 13:24
3 - 21% - 17% - 10:27
4 - 15% - 9% - 7:29
Normal Defense
1 - 36% - 35% - 17:40
2 - 34% - 33% - 16:38
3 - 24% - 22% - 11:31
4 - 6% - 10% - 2:52
PP Forward
1 - 53% - 53% - 1:42
2 - 47% - 47% - 1:31
PP Defense
1 - 59% - 60% - 1:53
2 - 41% - 40% - 1:20
PK Forward
1 - 79% - 60% - 5:50
2 - 21% - 40% - 1:31
PK Defense
1 - 53% - 60% - 3:52
2 - 47% - 40% - 3:29
PK3 Forward
1 - 0% - 60%
2 - 0% - 40%
PK3 Defense
1 - 0% - 60%
2 - 0% - 40%
44 Forward
1 - 42% - 50% - 0:19
2 - 58% - 50% - 0:26
44 Defense
1 - 100% - 60% - 0:45
2 - 0% - 40% - 0:00
Last Minute Offensive  - 0:00
Last Minute Defensive  - 0:00
Total
Forward - 60:00
Defense - 60:00

Play-by-Play

1st period


0:01 of 1st period - Nathan MacKinnon wins face-off versus Connor McDavid in neutral zone.
0:04 of 1st period - Aaron Ekblad is hit by Nathan MacKinnon and loses puck.
0:24 of 1st period - Icing by Chris Bigras.
0:25 of 1st period - Colton Sissons wins face-off versus Nico Hischier in Jets zone.
1:31 of 1st period - Jordan Eberle is hit by Zach Aston-Reese and loses puck.
1:53 of 1st period - Off-side.
1:54 of 1st period - Colton Sissons wins face-off versus Conor Sheary in neutral zone.
2:10 of 1st period - Snap shot by Wayne Simmonds.
2:10 of 1st period - Stopped by Antti Niemi with a rebound.
2:29 of 1st period - Wrist shot by Alex Galchenyuk.
2:29 of 1st period - Shot Blocked by Aaron Ekblad.
2:41 of 1st period - Wrist shot by Oliver Bjorkstrand.
2:41 of 1st period - Stopped by MacKenzie Blackwood without a rebound.
2:42 of 1st period - Nathan MacKinnon wins face-off versus Connor McDavid in Jets zone.
3:09 of 1st period - Zemgus Girgensons is hit by Troy Brouwer and loses puck.
3:29 of 1st period - Off-side.
3:30 of 1st period - Sonny Milano wins face-off versus Martin Hanzal in neutral zone.
3:37 of 1st period - Wrist shot by Connor McDavid.
3:37 of 1st period - Shot Misses the Net.
3:39 of 1st period - Wrist shot by Aaron Ekblad.
3:39 of 1st period - Stopped by MacKenzie Blackwood with a rebound.
4:27 of 1st period - Aaron Ekblad is hit by Alex Galchenyuk and loses puck.
4:41 of 1st period - Off-side.
4:42 of 1st period - Troy Brouwer wins face-off versus Sonny Milano in neutral zone.
5:15 of 1st period - Off-side.
5:16 of 1st period - Colton Sissons wins face-off versus Conor Sheary in neutral zone.
5:18 of 1st period - Off-side.
5:19 of 1st period - Colton Sissons wins face-off versus Conor Sheary in neutral zone.
5:26 of 1st period - Snap shot by Alex Galchenyuk.
5:26 of 1st period - Stopped by Antti Niemi with a rebound.
5:47 of 1st period - Wrist shot by Jimmy Vesey.
5:47 of 1st period - Stopped by Antti Niemi without a rebound.
5:48 of 1st period - Connor McDavid wins face-off versus Nathan MacKinnon in Oilers zone.
5:57 of 1st period - Backhand shot by Connor McDavid.
5:57 of 1st period - Stopped by MacKenzie Blackwood without a rebound.
5:58 of 1st period - Nathan MacKinnon wins face-off versus Evgeni Dadonov in Jets zone.
6:35 of 1st period - Snap shot by Justin Abdelkader.
6:35 of 1st period - Stopped by MacKenzie Blackwood without a rebound.
6:36 of 1st period - Connor McDavid wins face-off versus Filip Chytil in Jets zone.
6:43 of 1st period - Snap shot by Evgeni Dadonov.
6:43 of 1st period - Shot Misses the Net.
6:48 of 1st period - Minor Penalty to Chris Bigras for Holding.
6:49 of 1st period - Colton Sissons wins face-off versus Connor McDavid in Jets zone.
7:28 of 1st period - Backhand shot by Seth Jones.
7:28 of 1st period - Shot Misses the Net.
8:48 of 1st period - Penalty to Chris Bigras is over, Chris Bigras is back on ice.
9:00 of 1st period - Troy Terry is hit by Conor Sheary and loses puck.
9:20 of 1st period - Connor McDavid is hit by Nate Prosser and loses puck.
9:45 of 1st period - Snap shot by Jordan Eberle.
9:45 of 1st period - Shot Misses the Net.
9:58 of 1st period - Martin Hanzal is hit by Tyler Motte and loses puck.
10:27 of 1st period - Josh Manson is hit by Justin Abdelkader and loses puck.
10:46 of 1st period - Snap shot by Wayne Simmonds.
10:46 of 1st period - Stopped by Antti Niemi with a rebound.
11:04 of 1st period - Seth Jones is hit by Nathan MacKinnon and loses puck.
11:17 of 1st period - Matt Luff is hit by Sonny Milano and loses puck.
11:38 of 1st period - Snap shot by Evgeni Dadonov.
11:38 of 1st period - Shot Blocked by Jonathan Ericsson.
11:56 of 1st period - Icing by Matt Hunwick.
11:57 of 1st period - Nico Hischier wins face-off versus Filip Chytil in Jets zone.
12:00 of 1st period - Snap shot by Nico Hischier.
12:00 of 1st period - Shot Blocked by Jonathan Ericsson.
12:45 of 1st period - Marc-Edouard Vlasic is hit by Martin Hanzal and loses puck.
12:54 of 1st period - Conor Sheary is hit by Jonathan Ericsson and loses puck.
13:05 of 1st period - Slapshot by Connor McDavid.
13:05 of 1st period - Shot Misses the Net.
13:21 of 1st period - Snap shot by Nico Hischier.
13:21 of 1st period - Shot Misses the Net.
13:31 of 1st period - Snap shot by Filip Chytil.
13:31 of 1st period - Stopped by Antti Niemi with a rebound.
13:54 of 1st period - Tyler Motte is hit by Josh Manson and loses puck.
14:05 of 1st period - Slapshot by Matt Luff.
14:05 of 1st period - Shot Misses the Net.
14:23 of 1st period - Jordan Eberle is hit by Wayne Simmonds and loses puck.
14:28 of 1st period - Snap shot by Wayne Simmonds.
14:28 of 1st period - Deflect By Jordan Eberle.
14:28 of 1st period - Shot Blocked by Evgeni Dadonov.
14:28 of 1st period - Puck is out of play.
14:29 of 1st period - Nathan MacKinnon wins face-off versus Nico Hischier in Oilers zone.
14:50 of 1st period - Minor Penalty to Justin Abdelkader for Hooking.
14:51 of 1st period - Nathan MacKinnon wins face-off versus Connor McDavid in Oilers zone.
14:54 of 1st period - Wrist shot by Alex Galchenyuk.
14:54 of 1st period - Stopped by Antti Niemi with a rebound.
15:24 of 1st period - Slapshot by Colton Sissons.
15:24 of 1st period - Shot Hit the Post.
15:26 of 1st period - Slapshot by Chris Bigras.
15:26 of 1st period - Deflect By Troy Brouwer.
15:26 of 1st period - Shot Blocked by Seth Jones.
15:26 of 1st period - Puck is out of play.
15:27 of 1st period - Nathan MacKinnon wins face-off versus Connor McDavid in Oilers zone.
15:34 of 1st period - Wrist shot by Nathan MacKinnon.
15:34 of 1st period - Shot Misses the Net.
15:52 of 1st period - Marc-Edouard Vlasic is hit by Nate Prosser and loses puck.
15:57 of 1st period - Slapshot by Jimmy Vesey.
15:57 of 1st period - Shot Blocked by Marco Scandella.
15:59 of 1st period - Backhand shot by Jimmy Vesey.
15:59 of 1st period - Shot Misses the Net.
16:01 of 1st period - Snap shot by Jimmy Vesey.
16:01 of 1st period - Shot Blocked by Connor McDavid.
16:50 of 1st period - Penalty to Justin Abdelkader is over, Justin Abdelkader is back on ice.
17:31 of 1st period - Slapshot by Jonathan Ericsson.
17:31 of 1st period - Deflect By Matt Luff.
17:31 of 1st period - Shot Misses the Net.
17:31 of 1st period - Puck is out of play.
17:32 of 1st period - Martin Hanzal wins face-off versus Sonny Milano in Oilers zone.
17:35 of 1st period - Snap shot by Matt Luff.
17:35 of 1st period - Shot Misses the Net.
17:37 of 1st period - Slapshot by Jonathan Ericsson.
17:37 of 1st period - Shot Blocked by Seth Jones.
17:39 of 1st period - Wrist shot by Matt Luff.
17:39 of 1st period - Stopped by Antti Niemi with a rebound.
17:55 of 1st period - Jimmy Vesey is hit by Zemgus Girgensons and loses puck.
18:20 of 1st period - Snap shot by Alex Galchenyuk.
18:20 of 1st period - Stopped by Antti Niemi with a rebound.
18:22 of 1st period - Snap shot by Colton Sissons.
18:22 of 1st period - Shot Misses the Net.
18:38 of 1st period - Wrist shot by Filip Chytil.
18:38 of 1st period - Shot Misses the Net.
18:40 of 1st period - Snap shot by Troy Brouwer.
18:40 of 1st period - Stopped by Antti Niemi with a rebound.
18:54 of 1st period - Zemgus Girgensons is hit by Zach Aston-Reese and loses puck.
19:29 of 1st period - Wrist shot by Oliver Bjorkstrand.
19:29 of 1st period - Shot Misses the Net.
19:50 of 1st period - Snap shot by Connor McDavid.
19:50 of 1st period - Stopped by MacKenzie Blackwood without a rebound.
19:51 of 1st period - Connor McDavid wins face-off versus Filip Chytil in Jets zone.
Goals for this period are 0 for Oilers vs 0 for Jets.
Shots for this period are 5 for Oilers vs 9 for Jets.

2nd period


0:01 of 2nd period - Nathan MacKinnon wins face-off versus Connor McDavid in neutral zone.
0:28 of 2nd period - Nico Hischier is hit by Wayne Simmonds and loses puck.
0:59 of 2nd period - Snap shot by Seth Jones.
0:59 of 2nd period - Shot Misses the Net.
2:20 of 2nd period - Jimmy Vesey is hit by Tyler Motte and loses puck.
2:47 of 2nd period - Snap shot by Wayne Simmonds.
2:47 of 2nd period - Stopped by Antti Niemi without a rebound.
2:48 of 2nd period - Colton Sissons wins face-off versus Connor McDavid in Oilers zone.
3:35 of 2nd period - Slapshot by Conor Sheary.
3:35 of 2nd period - Shot Blocked by Mark Pysyk.
3:37 of 2nd period - Snap shot by Tyler Motte.
3:37 of 2nd period - Stopped by MacKenzie Blackwood without a rebound.
3:38 of 2nd period - Filip Chytil wins face-off versus Conor Sheary in Jets zone.
4:08 of 2nd period - Wrist shot by Conor Sheary.
4:08 of 2nd period - Stopped by MacKenzie Blackwood without a rebound.
4:09 of 2nd period - Connor McDavid wins face-off versus Zach Aston-Reese in Jets zone.
4:10 of 2nd period - Wrist shot by Evgeni Dadonov.
4:10 of 2nd period - Stopped by MacKenzie Blackwood with a rebound.
4:12 of 2nd period - Wrist shot by Connor McDavid.
4:12 of 2nd period - Shot Blocked by Chris Bigras.
4:14 of 2nd period - Wrist shot by Marco Scandella.
4:14 of 2nd period - Deflect By Jimmy Vesey.
4:14 of 2nd period - Stopped by MacKenzie Blackwood without a rebound.
4:15 of 2nd period - Nathan MacKinnon wins face-off versus Connor McDavid in Jets zone.
6:13 of 2nd period - Minor Penalty to Wayne Simmonds for Slashing.
6:14 of 2nd period - Connor McDavid wins face-off versus Colton Sissons in Jets zone.
6:26 of 2nd period - Snap shot by Evgeni Dadonov.
6:26 of 2nd period - Stopped by MacKenzie Blackwood with a rebound.
6:28 of 2nd period - Wrist shot by Connor McDavid.
6:28 of 2nd period - Shot Misses the Net.
6:30 of 2nd period - Slapshot by Aaron Ekblad.
6:30 of 2nd period - Shot Misses the Net.
7:27 of 2nd period - Minor Penalty to Jordan Eberle for Holding.
7:28 of 2nd period - Martin Hanzal wins face-off versus Connor McDavid in Oilers zone.
7:33 of 2nd period - Snap shot by Troy Terry.
7:33 of 2nd period - Stopped by Antti Niemi without a rebound.
7:34 of 2nd period - Martin Hanzal wins face-off versus Connor McDavid in Oilers zone.
7:46 of 2nd period - Off-side.
7:47 of 2nd period - Connor McDavid wins face-off versus Filip Chytil in neutral zone.
7:52 of 2nd period - Snap shot by Evgeni Dadonov.
7:52 of 2nd period - Stopped by MacKenzie Blackwood without a rebound.
7:53 of 2nd period - Filip Chytil wins face-off versus Connor McDavid in Jets zone.
8:13 of 2nd period - Penalty to Wayne Simmonds is over, Wayne Simmonds is back on ice.
8:13 of 2nd period - Snap shot by Seth Jones.
8:13 of 2nd period - Deflect By Victor Olofsson.
8:13 of 2nd period - Stopped by MacKenzie Blackwood with a rebound.
8:15 of 2nd period - Wrist shot by Connor McDavid.
8:15 of 2nd period - Shot Misses the Net.
8:17 of 2nd period - Slapshot by Seth Jones.
8:17 of 2nd period - Deflect By Evgeni Dadonov.
8:17 of 2nd period - Deflect By Wayne Simmonds.
8:17 of 2nd period - Stopped by MacKenzie Blackwood without a rebound.
8:18 of 2nd period - Nathan MacKinnon wins face-off versus Connor McDavid in Jets zone.
9:27 of 2nd period - Penalty to Jordan Eberle is over, Jordan Eberle is back on ice.
9:34 of 2nd period - Snap shot by Troy Terry.
9:34 of 2nd period - Shot Misses the Net.
9:36 of 2nd period - Wrist shot by Matt Luff.
9:36 of 2nd period - Shot Blocked by Aaron Ekblad.
9:38 of 2nd period - Snap shot by Troy Terry.
9:38 of 2nd period - Shot Misses the Net.
10:10 of 2nd period - Snap shot by Jordan Eberle.
10:10 of 2nd period - Stopped by MacKenzie Blackwood with a rebound.
10:12 of 2nd period - Wrist shot by Jordan Eberle.
10:12 of 2nd period - Stopped by MacKenzie Blackwood with a rebound.
10:16 of 2nd period - Snap shot by Jordan Eberle.
10:16 of 2nd period - Stopped by MacKenzie Blackwood with a rebound.
10:18 of 2nd period - Snap shot by Jordan Eberle.
10:18 of 2nd period - Shot Misses the Net.
10:20 of 2nd period - Slapshot by Aaron Ekblad.
10:20 of 2nd period - Stopped by MacKenzie Blackwood with a rebound.
10:26 of 2nd period - Snap shot by Jordan Eberle.
10:26 of 2nd period - Stopped by MacKenzie Blackwood without a rebound.
10:27 of 2nd period - Nathan MacKinnon wins face-off versus Erik Condra in Jets zone.
10:54 of 2nd period - Oliver Bjorkstrand is hit by Wayne Simmonds and loses puck.
11:57 of 2nd period - Slapshot by Josh Manson.
11:57 of 2nd period - Shot Blocked by Jordan Eberle.
12:17 of 2nd period - Snap shot by Filip Chytil.
12:17 of 2nd period - Deflect By Victor Olofsson.
12:17 of 2nd period - Shot Misses the Net.
12:17 of 2nd period - Puck is out of play.
12:18 of 2nd period - Nico Hischier wins face-off versus Nathan MacKinnon in Oilers zone.
12:18 of 2nd period - Nico Hischier is hit by Zach Aston-Reese.
12:25 of 2nd period - Off-side.
12:26 of 2nd period - Nico Hischier wins face-off versus Zach Aston-Reese in neutral zone.
12:31 of 2nd period - Jimmy Vesey is hit by Justin Abdelkader.
14:00 of 2nd period - Wrist shot by Nathan MacKinnon.
14:00 of 2nd period - Stopped by Antti Niemi with a rebound.
14:13 of 2nd period - Off-side.
14:14 of 2nd period - Wayne Simmonds wins face-off versus Oliver Bjorkstrand in neutral zone.
14:29 of 2nd period - Snap shot by Alex Galchenyuk.
14:29 of 2nd period - Stopped by Antti Niemi with a rebound.
14:39 of 2nd period - Josh Manson is hit by Aaron Ekblad and loses puck.
15:19 of 2nd period - Snap shot by Alex Galchenyuk.
15:19 of 2nd period - Stopped by Antti Niemi with a rebound.
15:27 of 2nd period - Snap shot by Alex Galchenyuk.
15:27 of 2nd period - Stopped by Antti Niemi with a rebound.
15:29 of 2nd period - Slapshot by Jonathan Ericsson.
15:29 of 2nd period - Deflect By Wayne Simmonds.
15:29 of 2nd period - Shot Misses the Net.
15:29 of 2nd period - Puck is out of play.
15:30 of 2nd period - Nico Hischier wins face-off versus Nathan MacKinnon in Oilers zone.
15:30 of 2nd period - Nico Hischier is hit by Jimmy Vesey.
16:28 of 2nd period - Wrist shot by Evgeni Dadonov.
16:28 of 2nd period - Stopped by MacKenzie Blackwood without a rebound.
16:29 of 2nd period - Nico Hischier wins face-off versus Nathan MacKinnon in Jets zone.
16:44 of 2nd period - Icing by Nathan MacKinnon.
16:45 of 2nd period - Nathan MacKinnon wins face-off versus Connor McDavid in Jets zone.
16:50 of 2nd period - Slapshot by Josh Manson.
16:50 of 2nd period - Shot Misses the Net.
17:08 of 2nd period - Wrist shot by Nathan MacKinnon.
17:08 of 2nd period - Shot Misses the Net.
17:36 of 2nd period - Snap shot by Evgeni Dadonov.
17:36 of 2nd period - Stopped by MacKenzie Blackwood without a rebound.
17:37 of 2nd period - Nico Hischier wins face-off versus Colton Sissons in Jets zone.
17:59 of 2nd period - Penalty Shot by Justin Abdelkader for Oilers.
17:59 of 2nd period - Snap shot by Justin Abdelkader.
17:59 of 2nd period - Stopped by MacKenzie Blackwood.
18:00 of 2nd period - Filip Chytil wins face-off versus Conor Sheary in Oilers zone.
18:03 of 2nd period - Wrist shot by Troy Brouwer.
18:03 of 2nd period - Stopped by Antti Niemi with a rebound.
18:38 of 2nd period - Backhand shot by Nico Hischier.
18:38 of 2nd period - Shot Misses the Net.
18:59 of 2nd period - Snap shot by Evgeni Dadonov.
18:59 of 2nd period - Stopped by MacKenzie Blackwood without a rebound.
19:00 of 2nd period - Nico Hischier wins face-off versus Filip Chytil in Jets zone.
19:03 of 2nd period - Snap shot by Justin Abdelkader.
19:03 of 2nd period - Stopped by MacKenzie Blackwood without a rebound.
19:04 of 2nd period - Justin Abdelkader wins face-off versus Filip Chytil in Jets zone.
19:05 of 2nd period - Snap shot by Nico Hischier.
19:05 of 2nd period - Shot Blocked by Mark Pysyk.
19:19 of 2nd period - Nico Hischier is hit by Victor Olofsson.
19:33 of 2nd period - Snap shot by Connor McDavid.
19:33 of 2nd period - Stopped by MacKenzie Blackwood without a rebound.
19:34 of 2nd period - Connor McDavid wins face-off versus Nathan MacKinnon in Jets zone.
19:53 of 2nd period - Snap shot by Jimmy Vesey.
19:53 of 2nd period - Stopped by Antti Niemi with a rebound.
19:55 of 2nd period - Wrist shot by Zach Aston-Reese.
19:55 of 2nd period - Shot Misses the Net.
Goals for this period are 0 for Oilers vs 0 for Jets.
Shots for this period are 18 for Oilers vs 8 for Jets.

3rd period


0:01 of 3rd period - Nathan MacKinnon wins face-off versus Connor McDavid in neutral zone.
0:28 of 3rd period - Snap shot by Zemgus Girgensons.
0:28 of 3rd period - Stopped by MacKenzie Blackwood with a rebound.
0:30 of 3rd period - Slapshot by Aaron Ekblad.
0:30 of 3rd period - Stopped by MacKenzie Blackwood with a rebound.
0:32 of 3rd period - Wrist shot by Seth Jones.
0:32 of 3rd period - Shot Misses the Net.
0:34 of 3rd period - Slapshot by Seth Jones.
0:34 of 3rd period - Shot Misses the Net.
0:36 of 3rd period - Slapshot by Seth Jones.
0:36 of 3rd period - Shot Misses the Net.
0:38 of 3rd period - Slapshot by Seth Jones.
0:38 of 3rd period - Stopped by MacKenzie Blackwood without a rebound.
0:39 of 3rd period - Nathan MacKinnon wins face-off versus Connor McDavid in Jets zone.
0:39 of 3rd period - Nathan MacKinnon is hit by Connor McDavid.
0:50 of 3rd period - Slapshot by Evgeni Dadonov.
0:50 of 3rd period - Stopped by MacKenzie Blackwood with a rebound.
0:52 of 3rd period - Wrist shot by Jordan Eberle.
0:52 of 3rd period - Shot Blocked by Nate Prosser.
0:54 of 3rd period - Snap shot by Marc-Edouard Vlasic.
0:54 of 3rd period - Shot Misses the Net.
1:13 of 3rd period - Slapshot by Alex Galchenyuk.
1:13 of 3rd period - Stopped by Antti Niemi with a rebound.
1:15 of 3rd period - Wrist shot by Mark Pysyk.
1:15 of 3rd period - Shot Misses the Net.
1:29 of 3rd period - Wrist shot by Matt Luff.
1:29 of 3rd period - Shot Misses the Net.
1:31 of 3rd period - Snap shot by Matt Luff.
1:31 of 3rd period - Stopped by Antti Niemi without a rebound.
1:32 of 3rd period - Connor McDavid wins face-off versus Martin Hanzal in Oilers zone.
1:32 of 3rd period - Connor McDavid is hit by Martin Hanzal.
1:44 of 3rd period - Slapshot by Chris Bigras.
1:44 of 3rd period - Shot Blocked by Aaron Ekblad.
1:46 of 3rd period - Wrist shot by Troy Terry.
1:46 of 3rd period - Shot Blocked by Connor McDavid.
2:22 of 3rd period - Snap shot by Wayne Simmonds.
2:22 of 3rd period - Shot Misses the Net.
2:24 of 3rd period - Slapshot by Colton Sissons.
2:24 of 3rd period - Shot Misses the Net.
2:26 of 3rd period - Slapshot by Josh Manson.
2:26 of 3rd period - Goal by Josh Manson - Oilers : 0 - Jets : 1.
2:27 of 3rd period - Nathan MacKinnon wins face-off versus Connor McDavid in neutral zone.
2:32 of 3rd period - Snap shot by Zach Aston-Reese.
2:32 of 3rd period - Stopped by Antti Niemi without a rebound.
2:33 of 3rd period - Connor McDavid wins face-off versus Nathan MacKinnon in Oilers zone.
3:32 of 3rd period - Snap shot by Conor Sheary.
3:32 of 3rd period - Shot Blocked by Filip Chytil.
3:34 of 3rd period - Minor Penalty to Josh Manson for Hooking.
3:35 of 3rd period - Colton Sissons wins face-off versus Jordan Eberle in Jets zone.
3:40 of 3rd period - Wrist shot by Jonathan Ericsson.
3:40 of 3rd period - Shot Misses the Net.
4:35 of 3rd period - Nico Hischier is hit by Jimmy Vesey and loses puck.
5:11 of 3rd period - Icing by Aaron Ekblad.
5:12 of 3rd period - Nico Hischier wins face-off versus Colton Sissons in Oilers zone.
5:34 of 3rd period - Penalty to Josh Manson is over, Josh Manson is back on ice.
5:43 of 3rd period - Snap shot by Conor Sheary.
5:43 of 3rd period - Shot Blocked by Mark Pysyk.
5:45 of 3rd period - Slapshot by Aaron Ekblad.
5:45 of 3rd period - Shot Misses the Net.
5:47 of 3rd period - Wrist shot by Aaron Ekblad.
5:47 of 3rd period - Shot Misses the Net.
5:49 of 3rd period - Snap shot by Tyler Motte.
5:49 of 3rd period - Shot Misses the Net.
5:51 of 3rd period - Slapshot by Seth Jones.
5:51 of 3rd period - Shot Blocked by Jimmy Vesey.
6:06 of 3rd period - Wrist shot by Matt Luff.
6:06 of 3rd period - Shot Misses the Net.
6:08 of 3rd period - Wrist shot by Troy Terry.
6:08 of 3rd period - Goal by Troy Terry - Oilers : 0 - Jets : 2.
6:09 of 3rd period - Connor McDavid wins face-off versus Nathan MacKinnon in neutral zone.
6:18 of 3rd period - Snap shot by Evgeni Dadonov.
6:18 of 3rd period - Stopped by MacKenzie Blackwood without a rebound.
6:19 of 3rd period - Connor McDavid wins face-off versus Jimmy Vesey in Jets zone.
6:27 of 3rd period - Icing by Zach Aston-Reese.
6:28 of 3rd period - Nathan MacKinnon wins face-off versus Connor McDavid in Jets zone.
6:35 of 3rd period - Connor McDavid is hit by Jimmy Vesey and loses puck.
6:58 of 3rd period - Off-side.
6:59 of 3rd period - Colton Sissons wins face-off versus Conor Sheary in neutral zone.
7:24 of 3rd period - Victor Olofsson is hit by Connor McDavid and loses puck.
7:53 of 3rd period - Aaron Ekblad is hit by Nathan MacKinnon.
8:31 of 3rd period - Snap shot by Troy Terry.
8:31 of 3rd period - Deflect By Matt Luff.
8:31 of 3rd period - Shot Misses the Net.
8:31 of 3rd period - Puck is out of play.
8:32 of 3rd period - Nathan MacKinnon wins face-off versus Nico Hischier in Oilers zone.
8:45 of 3rd period - Josh Manson is hit by Aaron Ekblad and loses puck.
9:25 of 3rd period - Tyler Motte is hit by Nate Prosser.
10:07 of 3rd period - Snap shot by Connor McDavid.
10:07 of 3rd period - Shot Misses the Net.
10:39 of 3rd period - Off-side.
10:40 of 3rd period - Nico Hischier wins face-off versus Filip Chytil in neutral zone.
10:45 of 3rd period - Snap shot by Zemgus Girgensons.
10:45 of 3rd period - Goal by Zemgus Girgensons - Oilers : 1 - Jets : 2.
10:46 of 3rd period - Connor McDavid wins face-off versus Jimmy Vesey in neutral zone.
10:53 of 3rd period - Slapshot by Jordan Eberle.
10:53 of 3rd period - Deflect By Evgeni Dadonov.
10:53 of 3rd period - Deflect By Zach Aston-Reese.
10:53 of 3rd period - Shot Misses the Net.
10:53 of 3rd period - Puck is out of play.
10:54 of 3rd period - Nathan MacKinnon wins face-off versus Connor McDavid in Jets zone.
11:59 of 3rd period - Snap shot by Jimmy Vesey.
11:59 of 3rd period - Stopped by Antti Niemi without a rebound.
12:00 of 3rd period - Nico Hischier wins face-off versus Colton Sissons in Oilers zone.
12:15 of 3rd period - Wrist shot by Justin Abdelkader.
12:15 of 3rd period - Shot Misses the Net.
12:52 of 3rd period - Minor Penalty to Nate Prosser for Slashing.
12:53 of 3rd period - Colton Sissons wins face-off versus Nico Hischier in Jets zone.
13:02 of 3rd period - Slapshot by Seth Jones.
13:02 of 3rd period - Goal by Seth Jones - Oilers : 2 - Jets : 2.
13:03 of 3rd period - Colton Sissons wins face-off versus Connor McDavid in neutral zone.
13:08 of 3rd period - Snap shot by Alex Galchenyuk.
13:08 of 3rd period - Deflect By Wayne Simmonds.
13:08 of 3rd period - Stopped by Antti Niemi with a rebound.
13:10 of 3rd period - Wrist shot by Alex Galchenyuk.
13:10 of 3rd period - Deflect By Colton Sissons.
13:10 of 3rd period - Shot Blocked by Seth Jones.
13:10 of 3rd period - Puck is out of play.
13:11 of 3rd period - Colton Sissons wins face-off versus Connor McDavid in Oilers zone.
13:16 of 3rd period - Wrist shot by Alex Galchenyuk.
13:16 of 3rd period - Shot Misses the Net.
13:18 of 3rd period - Snap shot by Wayne Simmonds.
13:18 of 3rd period - Shot Misses the Net.
13:20 of 3rd period - Slapshot by Josh Manson.
13:20 of 3rd period - Stopped by Antti Niemi without a rebound.
13:21 of 3rd period - Connor McDavid wins face-off versus Colton Sissons in Oilers zone.
14:13 of 3rd period - Cameron Gaunce is hit by Troy Brouwer and loses puck.
15:29 of 3rd period - Slapshot by Justin Abdelkader.
15:29 of 3rd period - Stopped by MacKenzie Blackwood without a rebound.
15:30 of 3rd period - Filip Chytil wins face-off versus Nico Hischier in Jets zone.
15:37 of 3rd period - Seth Jones is hit by Nate Prosser.
15:52 of 3rd period - Minor Penalty to Victor Olofsson for Boarding.
15:53 of 3rd period - Jordan Eberle wins face-off versus Colton Sissons in Jets zone.
16:02 of 3rd period - Slapshot by Connor McDavid.
16:02 of 3rd period - Stopped by MacKenzie Blackwood without a rebound.
16:03 of 3rd period - Connor McDavid wins face-off versus Colton Sissons in Jets zone.
17:52 of 3rd period - Penalty to Victor Olofsson is over, Victor Olofsson is back on ice.
18:37 of 3rd period - Colton Sissons is hit by Zemgus Girgensons and loses puck.
19:35 of 3rd period - Off-side.
19:36 of 3rd period - Troy Terry wins face-off versus Tyler Motte in neutral zone.
19:47 of 3rd period - Slapshot by Alex Galchenyuk.
19:47 of 3rd period - Stopped by Antti Niemi with a rebound.
Goals for this period are 2 for Oilers vs 2 for Jets.
Shots for this period are 9 for Oilers vs 9 for Jets.

Overtime #1


0:01 of 1st overtime period - Connor McDavid wins face-off versus Nathan MacKinnon in neutral zone.
0:34 of 1st overtime period - Wrist shot by Wayne Simmonds.
0:34 of 1st overtime period - Stopped by Antti Niemi without a rebound.
0:35 of 1st overtime period - Connor McDavid wins face-off versus Nathan MacKinnon in Oilers zone.
0:40 of 1st overtime period - Snap shot by Connor McDavid.
0:40 of 1st overtime period - Stopped by MacKenzie Blackwood without a rebound.
0:41 of 1st overtime period - Nathan MacKinnon wins face-off versus Connor McDavid in Jets zone.
1:18 of 1st overtime period - Wrist shot by Wayne Simmonds.
1:18 of 1st overtime period - Shot Blocked by Jordan Eberle.
1:20 of 1st overtime period - Snap shot by Jimmy Vesey.
1:20 of 1st overtime period - Stopped by Antti Niemi without a rebound.
1:21 of 1st overtime period - Nathan MacKinnon wins face-off versus Connor McDavid in Oilers zone.
1:50 of 1st overtime period - Wrist shot by Jordan Eberle.
1:50 of 1st overtime period - Shot Blocked by Mark Pysyk.
1:52 of 1st overtime period - Snap shot by Jordan Eberle.
1:52 of 1st overtime period - Shot Misses the Net.
1:54 of 1st overtime period - Snap shot by Jordan Eberle.
1:54 of 1st overtime period - Shot Misses the Net.
3:10 of 1st overtime period - Snap shot by Aaron Ekblad.
3:10 of 1st overtime period - Stopped by MacKenzie Blackwood without a rebound.
3:11 of 1st overtime period - Nathan MacKinnon wins face-off versus Nico Hischier in Jets zone.
3:56 of 1st overtime period - Mark Pysyk is hit by Jordan Eberle and loses puck.
4:17 of 1st overtime period - Nico Hischier is hit by Alex Galchenyuk and loses puck.
4:41 of 1st overtime period - Wrist shot by Colton Sissons.
4:41 of 1st overtime period - Stopped by Antti Niemi with a rebound.
Goals for this period are 0 for Oilers vs 0 for Jets.
Shots for this period are 2 for Oilers vs 3 for Jets.

ShootOut


5:00 of 1st overtime period - Round #1.
5:00 of 1st overtime period - Oilers, Connor McDavid.
5:00 of 1st overtime period - Wrist shot by Connor McDavid.
5:00 of 1st overtime period - Stopped by MacKenzie Blackwood.
5:00 of 1st overtime period - Jets, Victor Olofsson.
5:00 of 1st overtime period - Deke by Victor Olofsson.
5:00 of 1st overtime period - Stopped by Antti Niemi.
5:00 of 1st overtime period - Round #2.
5:00 of 1st overtime period - Oilers, Evgeni Dadonov.
5:00 of 1st overtime period - Deke by Evgeni Dadonov.
5:00 of 1st overtime period - Goal by Evgeni Dadonov.
5:00 of 1st overtime period - Jets, Nathan MacKinnon.
5:00 of 1st overtime period - Wrist shot by Nathan MacKinnon.
5:00 of 1st overtime period - Stopped by Antti Niemi.
5:00 of 1st overtime period - Round #3.
5:00 of 1st overtime period - Oilers, Nico Hischier.
5:00 of 1st overtime period - Snap shot by Nico Hischier.
5:00 of 1st overtime period - Stopped by MacKenzie Blackwood.
5:00 of 1st overtime period - Jets, Troy Terry.
5:00 of 1st overtime period - Wrist shot by Troy Terry.
5:00 of 1st overtime period - Goal by Troy Terry.
5:00 of 1st overtime period - Round #4.
5:00 of 1st overtime period - Oilers, Jordan Eberle.
5:00 of 1st overtime period - Deke by Jordan Eberle.
5:00 of 1st overtime period - Stopped by MacKenzie Blackwood.
5:00 of 1st overtime period - Jets, Alex Galchenyuk.
5:00 of 1st overtime period - Wrist shot by Alex Galchenyuk.
5:00 of 1st overtime period - Goal by Alex Galchenyuk. Output by the SimonT Hockey Simulator (STHS) for Alexandre Lamarre - Original Page W3C HTML5 Valid
Hockey Simulator - Hockey Simulation - Hockey Manager